 Dungeon Crawl Stone Soup version 0.23.2-1-ga50397a6bc (webtiles) character file.

Game seed: 10411388793627204088

66889 Rediskos the Severer (level 15, 0/124 HPs)
             Began as a Hill Orc Fighter on May 12, 2019.
             Was the Champion of Hepliaklqana.
             Slain by a merfolk impaler
             ... wielding a +1 trident of flaming
              (4 damage)
             ... on level 1 of the Shoals on May 26, 2019.
             The game lasted 01:25:04 (27815 turns).

Rediskos the Severer (Hill Orc Fighter)            Turns: 27815, Time: 01:25:05

Health: 0/124      AC: 26    Str: 23    XL:     15   Next: 21%
Magic:  0/29       EV: 10    Int:  8    God:    Hepliaklqana [******]
Gold:   1052       SH: 14    Dex: 17    Spells: 14/14 levels left

rFire    . . .     SeeInvis .   a - +0 broad axe
rCold    . . .     Gourm    .   c - +0 shield
rNeg     . . .     Faith    .   R - +0 plate armour
rPois    .         Spirit   +   i - +2 helmet
rElec    .         Reflect  .   n - +0 cloak
rCorr    .         Harm     .   Q - +0 pair of gloves (curse)
MR       +....                  I - +2 pair of boots {run}
Stlth    ..........             M - amulet of guardian spirit
HPRegen  0.30/turn              l - +4 ring of dexterity
MPRegen  0.21/turn              S - ring of magical power

@: mesmerised, very slow
A: reduced essence, low mp 1
a: Recall Ancestor, Ancestor Identity, Transference, Idealise, Renounce Religion


You were on level 1 of the Shoals.
You worshipped Hepliaklqana.
Hepliaklqana was exalted by your worship.
You were not hungry.

You visited 5 branches of the dungeon, and saw 20 of its levels.
You also visited: Sewer and Ice Cave.

You collected 2220 gold pieces.
You spent 1168 gold pieces at shops.

Inventory:

Hand Weapons
 a - a +0 broad axe (weapon)
 b - a +2 morningstar of protection
 X - a +7 blowgun
Missiles
 H - 8 throwing nets (quivered)
 Y - 3 curare-tipped needles
Armour
 c - a +0 shield (worn)
 i - a +2 helmet (worn)
 m - a +1 pair of boots
 n - a +0 cloak (worn)
 I - a +2 pair of boots of running (worn)
 Q - a cursed +0 pair of gloves (worn)
 R - a +0 plate armour (worn)
Jewellery
 l - a +4 ring of dexterity (left hand)
 s - an uncursed ring of ice
 M - an amulet of guardian spirit (around neck)
 P - an uncursed ring of see invisible
 S - a ring of magical power (right hand)
 T - a +1 ring of evasion
Wands
 o - a wand of digging (5)
 t - a wand of disintegration (17)
 D - a wand of paralysis (8)
 J - a wand of acid (11)
 L - a wand of iceblast (25)
Scrolls
 e - 5 scrolls of enchant armour
 g - 3 scrolls of fog
 k - 7 scrolls of remove curse
 q - 4 scrolls of magic mapping
 r - a scroll of random uselessness
 y - 3 scrolls of blinking
 A - 5 scrolls of teleportation
 E - 3 scrolls of fear
 F - 2 scrolls of silence
 O - a scroll of immolation
Potions
 d - 3 potions of might
 h - 9 potions of heal wounds
 j - 4 potions of brilliance
 p - 3 potions of resistance
 u - 2 potions of agility
 v - 3 potions of flight
 w - 3 potions of invisibility
 z - a potion of berserk rage
 B - 4 potions of curing
 C - a potion of lignification
 G - 2 potions of mutation
 K - 2 potions of cancellation
 N - a potion of magic
Miscellaneous
 x - a fan of gales
Comestibles
 f - 16 rations


   Skills:
 + Level 14.3 Fighting
 + Level 16.3 Axes
 + Level 13.0 Armour
 - Level 5.0 Dodging
 + Level 13.1 Shields
 + Level 10.7 Invocations
 + Level 3.7 Evocations


You had 14 spell levels left.
You didn't know any spells.
Your spell library contained the following spells:

 Spells                   Type           Power        Failure   Level  Hunger
 Confusing Touch          Hex            #.....       99%         1    ##.....
 Magic Dart               Conj           #...         99%         1    ##.....
 Searing Ray              Conj           #.....       100%        2    ###....
 Confuse                  Hex            #.......     100%        3    ####...
 Dazzling Spray           Conj/Hex       #.....       100%        3    ####...
 Gell's Gravitas          Tloc           #.........   100%        3    ####...
 Static Discharge         Conj/Air       #.......     100%        3    ####...
 Force Lance              Conj/Tloc      #.......     100%        4    #####..
 Fulminant Prism          Conj/Hex       #.........   100%        4    #####..
 Ice Form                 Ice/Tmut       #.......     100%        4    #####..
 Iskenderun's Mystic Bla  Conj           #.......     100%        4    #####..
 Petrify                  Tmut/Erth      #.......     100%        4    #####..
 Lightning Bolt           Conj/Air       #.........   100%        5    ######.
 Metabolic Englaciation   Hex/Ice        #.........   100%        5    ######.
 Yara's Violent Unravell  Hex/Tmut       #.........   100%        5    ######.
 Bolt of Cold             Conj/Ice       #.........   100%        6    #######
 Freezing Cloud           Conj/Ice/Air   #.........   100%        6    #######
 Ozocubu's Refrigeration  Ice            #.........   100%        6    #######
 Simulacrum               Ice/Necr       #.........   100%        6    #######
 Ignition                 Fire           #.........   100%        8    #######
 Shatter                  Erth           #.........   100%        9    #######
 Tornado                  Air            #.........   100%        9    #######


Dungeon Overview and Level Annotations

Branches:
Dungeon (10/15)            Temple (1/1) D:4            Lair (6/6) D:10
 Shoals (1/4) Lair:4        Snake (0/4) Lair:3        Slime (0/5) Lair:5
    Orc (2/2) D:9             Elf (0/3) Orc:2

Altars:
Ashenzari
Cheibriados
Dithmenos
Elyvilon
Fedhas
Gozag
Hepliaklqana
Kikubaaqudgha
Makhleb
Nemelex Xobeh
Okawaru
Qazlal
Ru
Sif Muna
Trog
Uskayaw
Vehumet
Wu Jian
Xom
Yredelemnul
Zin
The Shining One
Beogh
Jiyva

Shops:
D:8 ?   Orc:1 [   Orc:2 (**}

Annotations:
D:3 1 runed translucent door, NochnoyZador's ghost, amateur VSWr
D:8 1 transporter, Gargoyl's ghost, novice CeAK
Lair:6 1 runed translucent door, Abelaar's ghost, journeyman MiBe


Innate Abilities, Weirdness & Mutations

Your life essence is reduced to manifest your ancestor. (-10% HP)
Your magical capacity is low. (-10% MP)


Message History

The merfolk is moderately wounded.
You slash the harpy! You barely miss the merfolk impaler.
The harpy seems less confused.
The harpy claws you.
* * * LOW HITPOINT WARNING * * *
The harpy completely misses you. You block the harpy's attack.
The harpy claws you but does no damage.
You block the merfolk impaler's attack. x2
You hit the merfolk but do no damage.
The merfolk is moderately wounded.
You slice the harpy!!
You kill the harpy!
You hit the merfolk impaler.
The merfolk hits you but does no damage.
The merfolk siren chants its luring song.
The harpy claws you!
* * * LOW HITPOINT WARNING * * *
You block the harpy's attack.
The merfolk impaler hits you with a +1 trident of flaming!!
* * * LOW HITPOINT WARNING * * *
The merfolk impaler burns you.
You die...

..<...≈≈≈≈≈..
.....≈.P.....P≈..!.
..##.........P.≈≈..
........P##.....≈.
≈..)≈..#.# #.....m .≈
≈≈..≈≈...###.....# ≈..
≈≈..≈≈........>..###.≈≈≈
≈≈....≈.........≈m....≈≈
≈≈..............@m....≈≈
≈≈≈≈...##.....†(H##.....
≈≈≈....###.....(≈#......
≈≈≈.....##...≈..........
≈≈≈≈.........≈≈....≈≈...
≈≈≈≈.....†..≈≈≈≈≈≈≈≈≈≈≈.
≈≈≈≈..≈.≈≈≈≈≈≈≈≈≈≈≈≈≈≈≈≈
≈≈≈≈≈≈≈≈≈≈≈≈≈≈.≈≈≈≈≈≈≈≈≈
≈≈≈≈≈≈≈≈≈≈≈≈≈≈≈≈≈≈≈≈≈≈≈≈


You could see a merfolk impaler, a merfolk, a merfolk siren and a harpy.

Vanquished Creatures
  Donald (Orc:2)
  4 hydras
  Harold (Lair:1)
  A catoblepas (Lair:6)
  A centaur warrior (D:10)
  7 death yaks
  7 orc high priests (Orc:2)
  2 sea snakes
  An unseen horror (D:10)
  3 harpies (Shoals:1)
  A lindwurm (Lair:6)
  An orc knight (Orc:2)
  A deep elf mage (D:10)
  2 ugly things (IceCv)
  3 manticores
  13 elephants
  14 spiny frogs
  A centaur skeleton (D:10)
  A gargoyle (D:10)
  2 komodo dragons
  3 rime drakes
  A merfolk (Shoals:1)
  16 blink frogs
  4 hippogriffs
  A snapping turtle (Shoals:1)
  12 dream sheep
  3 wyverns
  A basilisk (Lair:3)
  4 yaks (Lair:6)
  10 wargs
  7 water moccasins
  12 porcupines
  3 ice beasts (IceCv)
  13 orc warriors
  3 ogres
  2 necrophages
  A phantom (D:4)
  7 wolves
  6 centaurs
  10 crocodiles
  A big kobold (D:7)
  9 bullfrogs
  3 scorpions
  5 killer bees
  20 wights
  2 howler monkeys (D:8)
  3 crimson imps
  A centaur zombie (D:10)
  2 hounds
  A jelly (D:7)
  18 orc wizards
  29 orc priests
  An iguana (D:8)
  Crazy Yiuf (D:2)
  Ijyb (D:3)
  Natasha (D:2)
  5 worker ants
  A hound skeleton (D:6)
  4 worker ant zombies
  4 gnolls
  11 adders
  3 shadow imps
  9 white imps (Orc:1)
  An adder skeleton (D:4)
  2 adder zombies
  A worm (D:3)
  3 dart slugs
  8 leopard geckos
  104 orcs
  14 bats
  9 giant cockroaches
  8 goblins
  12 hobgoblins
  8 jackals
  4 quokkas
  2 ball pythons (Sewer)
  7 frilled lizards
  24 kobolds
  5 rats
  A butterfly (Lair:2)
  2 fungi (Lair:6)
  2 plants
538 creatures vanquished.

Vanquished Creatures (collateral kills)
  A dire elephant (Lair:5)
  An ettin (Orc:1)
  5 hydras
  A catoblepas (Lair:5)
  Erica (D:9)
  An orc high priest (Orc:2)
  A lindwurm (Lair:6)
  Pikel (D:8)
  An orc sorcerer (Orc:1)
  3 elephants
  3 ice statues (IceCv)
  A black mamba (Lair:6)
  3 spiny frogs
  2 rime drakes
  A komodo dragon (Lair:2)
  A merfolk (Shoals:1)
  2 dream sheep (Lair:6)
  A hippogriff (Lair:6)
  7 blink frogs
  3 basilisks
  Menkaure (D:7)
  A warg (Orc:2)
  5 water moccasins
  A porcupine (Lair:5)
  4 orc warriors
  3 ice beasts (IceCv)
  A slave (D:8)
  A black bear (D:10)
  A phantom (D:5)
  A centaur (D:9)
  3 ogres
  2 wolves (Lair:3)
  2 crocodiles
  A big kobold (D:9)
  2 bullfrogs
  A scorpion (D:9)
  A killer bee (D:7)
  A wight (D:9)
  A quasit (D:10)
  3 hounds
  An orc priest (D:6)
  3 orc wizards
  A worker ant (D:7)
  A killer bee zombie (D:8)
  2 gnolls (D:8)
  2 adders
  3 white imps (Orc:1)
  14 orcs
  A kobold (D:9)
  A fungus (Lair:6)
105 creatures vanquished.

Vanquished Creatures (others)
  An orc warrior (D:10)
  23 hexers
  3 ancestors
  15 fungi
  35 plants
77 creatures vanquished.

Grand Total: 720 creatures vanquished

Notes
Turn   | Place    | Note
-------+----------+-------------------------------------------
     0 | D:1      | Rediskos the Hill Orc Fighter began the quest for the Orb.
     0 | D:1      | Reached XP level 1. HP: 19/19 MP: 1/1
    73 | D:1      | Reached skill level 3 in Axes
    76 | D:1      | Reached XP level 2. HP: 27/27 MP: 2/2
   540 | D:1      | Reached XP level 3. HP: 31/33 MP: 3/3
  1002 | D:2      | Reached skill level 4 in Axes
  1108 | D:2      | Reached XP level 4. HP: 39/40 MP: 4/4
  1349 | D:2      | Noticed Natasha
  1364 | D:2      | Killed Natasha
  1806 | D:2      | Found a runed translucent door.
  1807 | D:2      | Noticed Crazy Yiuf
  2087 | D:2      | Killed Crazy Yiuf
  2087 | D:2      | Reached XP level 5. HP: 41/47 MP: 5/5
  2350 | D:3      | Reached skill level 5 in Axes
  2488 | D:3      | Found a runed translucent door.
  2488 | D:3      | Noticed NochnoyZador's ghost (amateur VSWr)
  2747 | D:3      | Noticed Ijyb
  2752 | D:3      | Killed Ijyb
  2752 | D:3      | Reached XP level 6. HP: 53/53 MP: 6/6
  2881 | D:4      | Found a glowing drain.
  2906 | Sewer    | Entered a sewer
  3387 | D:4      | Found an ornate altar of the Wu Jian Council.
  3467 | D:4      | Found a staircase to the Ecumenical Temple.
  3476 | Temple   | Entered the Ecumenical Temple
  3759 | Temple   | Became a worshipper of Hepliaklqana the Forgotten
  4235 | D:4      | Noticed a phantom
  4244 | D:4      | Killed a phantom
  4244 | D:4      | Reached skill level 5 in Fighting
  4244 | D:4      | Reached skill level 6 in Axes
  4283 | D:5      | Entered Level 5 of the Dungeon
  4310 | D:5      | Noticed a phantom
  4315 | D:5      | Reached XP level 7. HP: 35/54 MP: 7/7
  4346 | D:5      | Reached skill level 5 in Armour
  4450 | D:5      | Reached skill level 7 in Axes
  4457 | D:5      | Reached skill level 5 in Shields
  4976 | D:5      | Found a sacrificial altar of Ru.
  4994 | D:5      | Reached XP level 8. HP: 62/63 MP: 8/8
  5002 | D:5      | Reached * piety under Hepliaklqana
  5447 | D:6      | Reached skill level 8 in Axes
  6537 | D:7      | Found an ornate altar of the Wu Jian Council.
  6537 | D:7      | Noticed a hippogriff
  6545 | D:7      | Killed a hippogriff
  6545 | D:7      | Reached skill level 9 in Axes
  6611 | D:7      | Noticed Menkaure
  6616 | D:7      | Killed Menkaure
  6616 | D:7      | Reached XP level 9. HP: 60/70 MP: 9/9
  6954 | D:6      | Reached skill level 10 in Axes
  7063 | D:7      | Reached ** piety under Hepliaklqana
  7064 | D:7      | Remembered your ancestor Bozena as a hexer
  7625 | D:7      | You fall through a shaft!
  8107 | D:8      | Found Vepidil's Magic Scroll Emporium.
  8185 | D:8      | Bought a scroll of teleportation for 36 gold pieces
  8192 | D:8      | Noticed Pikel
  8209 | D:8      | Killed Pikel
  8209 | D:8      | Reached skill level 11 in Axes
  8273 | D:8      | Found a transporter.
  8312 | D:8      | Reached XP level 10. HP: 55/79 MP: 10/10
  8566 | D:8      | Reached *** piety under Hepliaklqana
  8574 | D:8      | Identified the ring "Aropt" {rCorr rElec Str+3 Dex+5
                  | Slay-2}
  8598 | D:8      | Found a transporter.
  8607 | D:8      | Noticed Gargoyl's ghost (novice CeAK)
  8607 | D:8      | Identified the +7 spear "Qoteih" {venom, +Rage Str+7 Int-5}
  9955 | D:9      | Reached skill level 12 in Axes
 10146 | D:9      | Found a staircase to the Orcish Mines.
 10562 | D:9      | Noticed Erica
 10575 | D:9      | Killed Erica
 11294 | D:10     | Entered Level 10 of the Dungeon
 11391 | D:10     | Noticed a deep elf mage
 11409 | D:10     | Killed a deep elf mage
 11409 | D:10     | Reached skill level 13 in Axes
 11420 | D:10     | Noticed a centaur warrior
 11423 | D:10     | Noticed an unseen horror
 11433 | D:10     | Killed a centaur warrior
 11433 | D:10     | Reached XP level 11. HP: 70/86 MP: 11/11
 11441 | D:10     | Killed an unseen horror
 11687 | D:10     | Found a staircase to the Lair.
 11796 | D:10     | Reached **** piety under Hepliaklqana
 12054 | D:10     | Found a shimmering altar of Xom.
 12055 | D:10     | Found a shimmering altar of Xom.
 12056 | D:10     | Found a shimmering altar of Xom.
 12063 | D:10     | Found a shimmering altar of Xom.
 12063 | D:10     | Found a shimmering altar of Xom.
 12065 | D:10     | Found a shimmering altar of Xom.
 12065 | D:10     | Found a shimmering altar of Xom.
 12344 | Lair:1   | Entered Level 1 of the Lair of Beasts
 12375 | Lair:1   | Reached skill level 10 in Fighting
 12375 | Lair:1   | Reached skill level 14 in Axes
 12831 | Lair:1   | Noticed an eight-headed hydra
 12919 | Lair:1   | Killed an eight-headed hydra
 13932 | Lair:1   | Noticed Harold
 13957 | Lair:1   | Killed Harold
 13957 | Lair:1   | Reached skill level 15 in Axes
 13957 | Lair:1   | Reached XP level 12. HP: 80/96 MP: 9/12
 14103 | Lair:2   | Noticed an eight-headed hydra
 14375 | Lair:2   | Reached skill level 10 in Armour
 14380 | Lair:2   | Reached skill level 10 in Shields
 14854 | Lair:2   | Noticed a four-headed hydra
 14877 | Lair:2   | Killed a four-headed hydra
 15107 | Lair:2   | Killed an eight-headed hydra
 15107 | Lair:2   | Reached skill level 1 in Invocations
 15395 | Lair:2   | Reached ***** piety under Hepliaklqana
 15833 | Lair:3   | Noticed an eight-headed hydra
 16058 | Lair:3   | Reached skill level 16 in Axes
 16196 | Lair:3   | Found a staircase to the Snake Pit.
 16435 | Lair:3   | Killed an eight-headed hydra
 17091 | Lair:4   | Identified a scroll of acquirement
 17092 | Lair:4   | Got a smoking battleaxe
 17093 | Lair:4   | Identified the +10 battleaxe "Duorgh" {protect, rElec SInv}
                  | (You acquired it on level 4 of the Lair of Beasts)
 17247 | Lair:4   | Reached skill level 1 in Dodging
 17324 | Lair:4   | Reached skill level 5 in Invocations
 17324 | Lair:4   | Reached XP level 13. HP: 66/104 MP: 12/16
 17630 | Lair:4   | Found a staircase to the Shoals.
 17929 | Lair:5   | Noticed Sonja
 17944 | Lair:5   | Noticed Sonja
 17944 | Lair:5   | Sonja changed into Sonja the dream sheep
 17949 | Lair:5   | Killed Sonja the dream sheep
 18614 | Lair:5   | Reached ****** piety under Hepliaklqana
 18729 | Lair:5   | Found a staircase to the Slime Pits.
 18729 | Lair:5   | Found a viscous altar of Jiyva.
 18885 | Lair:6   | Entered Level 6 of the Lair of Beasts
 19132 | Lair:6   | Found a runed translucent door.
 19134 | Lair:6   | Identified the +8 spear "Ogrebane" {flame, *Noise rC+
                  | Dex+4}
 19135 | Lair:6   | Noticed Abelaar's ghost (journeyman MiBe)
 20117 | Lair:6   | Reached XP level 14. HP: 116/116 MP: 20/20
 20637 | Lair:6   | Noticed a dire elephant
 20730 | Lair:5   | Killed a dire elephant
 21221 | Lair:5   | Reached skill level 5 in Dodging
 22802 | Orc:1    | Entered Level 1 of the Orcish Mines
 22805 | Orc:1    | Found Boboesatza's Antique Armour Shop.
 22868 | Orc:1    | Found a frozen archway.
 22913 | IceCv    | Entered an ice cave
 23425 | IceCv    | Reached skill level 1 in Evocations
 24073 | Orc:2    | Entered Level 2 of the Orcish Mines
 24073 | Orc:2    | Found a staircase to the Elven Halls.
 24754 | Orc:2    | Noticed Donald
 24772 | Orc:2    | Killed Donald
 24772 | Orc:2    | Reached skill level 10 in Invocations
 24925 | Orc:2    | Found a roughly hewn altar of Beogh.
 25661 | Orc:2    | Reached XP level 15. HP: 99/124 MP: 22/22
 25661 | Orc:2    | Gained mutation: Your magical capacity is low. (-10% MP) [a
                  | neqoxec]
 26267 | Orc:2    | Found Ibaonnyf's Gadget Emporium.
 26267 | Orc:2    | Found Sonouhat's General Store.
 26291 | Orc:2    | Found a roughly hewn altar of Beogh.
 26307 | Orc:2    | Found Xidgh's Weapon Boutique.
 26341 | Orc:2    | Found Estriethri's General Store.
 26838 | Orc:2    | Bought a potion of heal wounds for 75 gold pieces
 26956 | Orc:1    | Bought a pair of runed boots for 187 gold pieces
 26966 | Orc:1    | Identified a +2 pair of boots of running (You bought it in
                  | a shop on level 1 of the Orcish Mines)
 27032 | Orc:2    | Bought a wand of digging (5) for 270 gold pieces
 27032 | Orc:2    | Bought a wand of paralysis (8) for 150 gold pieces
 27032 | Orc:2    | Bought a wand of acid (11) for 450 gold pieces
 27216 | Shoals:1 | Entered Level 1 of the Shoals
 27815 | Shoals:1 | HP: 4/124 [merfolk impaler/+1 trident of flaming (16)]
 27815 | Shoals:1 | Slain by a merfolk impaler

Skill      XL: |  1  2  3  4  5  6  7  8  9 10 11 12 13 14 15 |
---------------+----------------------------------------------+-----
Axes           | 3 4 5 6 7 9 11 13 15 16 | 16.3
Fighting       | 4 5 6 8 9 10 11 13 14 | 14.3
Armour         | 4 5 6 7 8 9 10 11 12 13 | 13.0
Shields        | 4 5 6 7 8 9 11 12 13 | 13.1
Invocations    | 5 8 10 | 10.7
Dodging        | 1 4 5 |  5.0
Evocations     | 3 |  3.7

Action                   |  1- 3 |  4- 6 |  7- 9 | 10-12 | 13-15 || total
-------------------------+-------+-------+-------+-------+-------++-------
Melee: War axe           |    43 |       |   219 |   624 |   833 ||  1719
       Whip              |    65 |   297 |   102 |       |       ||   464
       Unarmed           |       |     4 |       |       |       ||     4
       Morningstar       |       |       |       |    30 |    53 ||    83
       Broad axe         |       |       |       |       |   206 ||   206
 Fire: Blowgun           |       |       |       |       |     1 ||     1
Invok: Recall Ancestor   |       |       |     1 |     2 |     9 ||    12
       Ancestor Life: He |       |       |     1 |       |       ||     1
       Transference      |       |       |       |     1 |       ||     1
       Idealise          |       |       |       |       |     1 ||     1
Evoke: Wand              |       |       |     1 |       |    10 ||    11
       Fan of gales      |       |       |       |       |     2 ||     2
  Use: Scroll            |       |    10 |     6 |     9 |    10 ||    35
       Potion            |       |       |       |       |     5 ||     5
 Stab: Confused          |       |     1 |     2 |     2 |    18 ||    23
       Paralysed         |       |       |     2 |       |    10 ||    12
       Distracted        |       |       |     3 |     6 |    18 ||    27
       Petrified         |       |       |       |       |     6 ||     6
  Eat: Chunk             |     1 |    11 |    13 |    18 |    17 ||    60
       Ration            |       |       |       |     3 |     5 ||     8
Armor: Scale mail        |    28 |   139 |    37 |       |       ||   204
       Chain mail        |       |       |    85 |   182 |       ||   267
       Plate armour      |       |       |       |   104 |   506 ||   610
Dodge: Dodged            |    25 |    96 |    68 |   135 |   283 ||   607
Block: Shield            |    61 |   164 |   158 |   352 |   612 ||  1347
